 Dungeon Crawl Stone Soup version 0.31-a0-145-g046c7d2549 (webtiles) character file.

Game seed: 6302430072484371304

3010 qw the Skirmisher (level 9, -3/79 HPs)
             Began as a Minotaur Hunter on June 7, 2023.
             Was a Follower of Okawaru.
             Slain by a two-headed ogre
             ... wielding a +0 giant club
              (17 damage)
             ... on level 8 of the Dungeon.
             The game lasted 00:03:01 (7408 turns).

qw the Skirmisher (Minotaur Hunter)                 Turns: 7408, Time: 00:03:02

Health: -3/79      AC: 10    Str: 18    XL:     9   Next: 55%
Magic:  10/11      EV: 18    Int: 12    God:    Okawaru [*.....]
Gold:   376        SH:  0    Dex: 18    Spells: 8/8 levels left

rFire   + . .        h - +1 shortbow
rCold   . . .        (shield currently unavailable)
rNeg    . . .        p - +0 steam dragon scales
rPois   +            (helmet restricted)
rElec   .            n - +2 cloak
rCorr   +            (no gloves)
SInv    .            (no boots)
Will    +....        r - amulet of regeneration
Stlth   +++          i - ring "Huetec" {rPois rF+ rCorr Str+2 Int+6}
HPRegen 1.13/turn    d - ring of willpower
MPRegen 0.12/turn

%: no passive effects
@: heroic
A: horns 2, retaliatory headbutt
a: Renounce Religion, Heroism


You were on level 8 of the Dungeon.
You worshipped Okawaru.
Okawaru was aware of your devotion.
You visited 2 branches of the dungeon, and saw 10 of its levels.

You collected 376 gold pieces.


Innate Abilities, Weirdness & Mutations

You have a pair of horns on your head.
You reflexively headbutt those who attack you in melee.


   Skills:
 - Level 7.1(12.1) Fighting
 + Level 11.8(16.8) Ranged Weapons
 - Level 2.8(7.8) Armour
 - Level 5.1(10.1) Dodging
 - Level 0.7(5.7) Stealth
 - Level 4.2 Invocations


You had 8 spell levels left.
You didn't know any spells.
Your spell library was empty.

Inventory:

Hand Weapons
 h - a +1 shortbow (weapon)
Armour
 c - a +2 robe of fire resistance
 n - a +2 cloak (worn)
 p - +0 steam dragon scales (worn)
Jewellery
 d - a ring of willpower (right hand)
 e - a ring of ice
 i - the ring "Huetec" (left hand) {rPois rF+ rCorr Str+2 Int+6}
   (You found it on level 7 of the Dungeon)

   [ring of intelligence]

   Str:       It affects your strength (+2).
   Int:       It affects your intelligence (+6).
   rF:        It protects you from fire.
   rPois:     It protects you from poison.
   rCorr:     It protects you from acid and corrosion.
 m - a +6 ring of strength
 r - an amulet of regeneration (around neck)
 Y - a ring of poison resistance
Scrolls
 a - a scroll of identify
 g - 2 scrolls of teleportation
Potions
 b - a potion of heal wounds
 f - a potion of resistance {unknown}
 j - a potion of magic
 k - a potion of haste
 l - a potion of cancellation {unknown}
 o - a potion of curing {unknown}

Dungeon Overview and Level Annotations

Branches:
Dungeon (9/15)             Temple (1/1) D:5
   Lair: D:8-11         Orc: D:9-12

Altars:
Ashenzari
Cheibriados
Dithmenos
Elyvilon
Fedhas
Gozag
Makhleb
Nemelex Xobeh
Okawaru
Qazlal
Ru
Sif Muna
Trog
Uskayaw
Vehumet
Wu Jian
Xom
Yredelemnul
Zin
The Shining One


Message History

The two-headed ogre is moderately wounded.
The two-headed ogre hits you with a +0 giant club!
The two-headed ogre closely misses you.
You shoot an arrow.
The arrow hits the two-headed ogre but does no damage.
The two-headed ogre is moderately wounded.
You shoot an arrow. The arrow hits the two-headed ogre!
The two-headed ogre is heavily wounded.
The two-headed ogre hits you with a +0 giant club!
The two-headed ogre hits you with a +0 giant club.
You shoot an arrow. The arrow hits the two-headed ogre.
The two-headed ogre is heavily wounded.
You shoot an arrow.
The arrow hits the two-headed ogre but does no damage.
The two-headed ogre is heavily wounded.
You shoot an arrow. The arrow hits the two-headed ogre!
The two-headed ogre is severely wounded.
The two-headed ogre misses you.
The two-headed ogre completely misses you.
You shoot an arrow.
The arrow hits the two-headed ogre but does no damage.
The two-headed ogre is severely wounded.
You shoot an arrow. The arrow hits the two-headed ogre!
The two-headed ogre is severely wounded.
The two-headed ogre barely misses you. You furiously retaliate!
You headbutt the two-headed ogre.
The two-headed ogre hits you with a +0 giant club!!
You shoot an arrow. The arrow hits the two-headed ogre.
The two-headed ogre is almost dead.
You shoot an arrow.
The arrow hits the two-headed ogre but does no damage.
The two-headed ogre is almost dead.
The two-headed ogre completely misses you.
The two-headed ogre hits you with a +0 giant club!
You shoot an arrow.
The arrow barely misses the two-headed ogre.
You shoot an arrow.
The arrow closely misses the two-headed ogre.
The two-headed ogre hits you with a +0 giant club! x2
You die...

#.##...##.##.##[#
#######.8#####8.#..##.#
#.....##..)....######.#
#.#########'#### #)# #.#
####.#..#.# #># #.#
#.......#.# #.# #.#
#.......#.# #<# #.#
#.......#.#######.#
#.###.........O@......#
##.#...........#########
.....#.......###
##...........#
#####......##
###.........#
............#
....######### #####


You could see a two-headed ogre.

Vanquished Creatures
  A hornet (D:8)
  Sigmund (D:5)
  2 steam dragons
  A sky beast (D:8)
  2 ice beasts
  2 ogres
  A centaur (D:8)
  3 phantoms
  2 kobold brigands (D:8)
  2 bullfrogs
  3 scorpions
  9 killer bees (D:8)
  A howler monkey (D:8)
  6 hounds
  3 orc priests
  3 jellies
  3 iguanas
  2 sleepcaps
  Natasha (D:2)
  An orc wizard (D:7)
  3 gnolls
  9 adders
  A shadow imp (D:6)
  A white imp (D:7)
  2 worms (D:2)
  A dart slug (D:3)
  17 orcs
  4 ball pythons
  7 bats
  4 endoplasms
  3 giant cockroaches
  6 goblins
  7 hobgoblins
  5 quokkas
  3 frilled lizards
  19 kobolds
  5 rats
146 creatures vanquished.

Notes
Turn   | Place    | Note
-------+----------+-------------------------------------------
     0 | D:1      | qw the Minotaur Hunter began the quest for the Orb.
     0 | D:1      | Reached XP level 1. HP: 18/18 MP: 0/0
     0 | D:1      | 0 ||| qw: Version: 0.2-a-117-gc6b5c8b
     0 | D:1      | 0 ||| qw: Game counter: 2427
     0 | D:1      | 0 ||| qw: Always use a shield: true
     0 | D:1      | 0 ||| qw: God list: Okawaru
     0 | D:1      | 0 ||| qw: Allow faded altars: false
     0 | D:1      | 0 ||| qw: Do Orc after D:15 true
     0 | D:1      | 0 ||| qw: Do second Lair branch before Depths: true
     0 | D:1      | 0 ||| qw: Lair rune preference: random
     0 | D:1      | 0 ||| qw: Plans: Normal
     0 | D:1      | 0 ||| PLANNING D:1-11
   289 | D:1      | Reached XP level 2. HP: 25/25 MP: 1/1
   350 | D:1      | Reached skill level 5 in Ranged Weapons
   567 | D:1      | 567 ||| READING 2 scrolls labelled VECSAE YGIAM.
   568 | D:1      | 568 ||| READING scroll labelled ARAX SUREL.
   569 | D:1      | 569 ||| READING scroll labelled MUUROG OSYMYNYDUR.
   570 | D:1      | 570 ||| READING scroll labelled LYANWE ROBUDI.
   571 | D:1      | 571 ||| DRINKING 2 metallic inky potions.
   572 | D:1      | 572 ||| DROPPING scroll of butterflies.
   573 | D:1      | 573 ||| DROPPING potion of invisibility.
   575 | D:1      | 575 ||| Stepping ~*~*~tactically~*~*~ (cloud).
   582 | D:1      | HP: 6/25 [poisoned by you (poison gas)]
   723 | D:2      | Reached skill level 3 in Fighting
   865 | D:2      | Reached XP level 3. HP: 31/31 MP: 2/2
  1323 | D:2      | Noticed Natasha
  1330 | D:2      | Killed Natasha
  1331 | D:2      | Reached XP level 4. HP: 38/38 MP: 3/3
  1479 | D:3      | Found a faded altar of an unknown god.
  1515 | D:3      | Reached skill level 6 in Ranged Weapons
  1848 | D:3      | Found a bloodstained altar of Trog.
  1880 | D:3      | 1880 ||| FLEEEEING.
  1881 | D:3      | 1881 ||| FLEEEEING.
  1882 | D:3      | 1882 ||| FLEEEEING.
  1883 | D:3      | 1883 ||| FLEEEEING.
  1884 | D:3      | 1884 ||| FLEEEEING.
  1885 | D:3      | 1885 ||| FLEEEEING.
  1896 | D:3      | 1896 ||| FLEEEEING.
  1897 | D:3      | 1897 ||| FLEEEEING.
  1898 | D:3      | 1898 ||| FLEEEEING.
  1899 | D:3      | 1899 ||| FLEEEEING.
  1900 | D:3      | 1900 ||| FLEEEEING.
  1901 | D:3      | 1901 ||| FLEEEEING.
  1902 | D:3      | 1902 ||| FLEEEEING.
  1903 | D:3      | 1903 ||| FLEEEEING.
  1904 | D:3      | 1904 ||| FLEEEEING.
  1905 | D:3      | 1905 ||| FLEEEEING.
  1906 | D:3      | 1906 ||| FLEEEEING.
  1907 | D:3      | 1907 ||| FLEEEEING.
  2204 | D:3      | 2204 ||| UPGRADING to ring of poison resistance.
  2205 | D:3      | 2205 ||| UPGRADING to +6 ring of strength.
  2206 | D:3      | 2206 ||| READING scroll labelled LOTIVUGHUS.
  2207 | D:3      | 2207 ||| READING scroll labelled AWKOQ XUACAMOI.
  2210 | D:3      | 2210 ||| READING 2 scrolls of identify.
  2210 | D:3      | 2210 ||| IDENTIFYING sapphire potion
  2234 | D:4      | Noticed a phantom
  2245 | D:4      | Killed a phantom
  2246 | D:4      | Reached XP level 5. HP: 36/46 MP: 4/4
  2301 | D:4      | Reached skill level 7 in Ranged Weapons
  2481 | D:4      | Reached XP level 6. HP: 52/52 MP: 5/5
  2667 | D:4      | Found a shimmering blue altar of Sif Muna.
  2859 | D:4      | Reached skill level 8 in Ranged Weapons
  2987 | D:4      | Reached skill level 3 in Dodging
  3279 | D:4      | Reached XP level 7. HP: 60/60 MP: 6/6
  3306 | D:4      | 3306 ||| DROPPING amulet of magic regeneration.
  3329 | D:5      | Entered Level 5 of the Dungeon
  3358 | D:5      | Reached skill level 1 in Armour
  3484 | D:5      | 3484 ||| FLEEEEING.
  3485 | D:5      | 3485 ||| FLEEEEING.
  3486 | D:5      | 3486 ||| FLEEEEING.
  3487 | D:5      | 3487 ||| FLEEEEING.
  3488 | D:5      | 3488 ||| FLEEEEING.
  3489 | D:5      | 3489 ||| FLEEEEING.
  3490 | D:5      | 3490 ||| FLEEEEING.
  3491 | D:5      | 3491 ||| FLEEEEING.
  3492 | D:5      | 3492 ||| STAIRDANCE
  3594 | D:4      | 3594 ||| UPGRADING to +0 ring mail.
  3604 | D:4      | 3604 ||| DROPPING +0 leather armour.
  3608 | D:5      | 3608 ||| STAIRDANCE
  3671 | D:5      | Noticed Sigmund
  3679 | D:5      | 3679 ||| STAIRDANCE
  3832 | D:5      | 3832 ||| FLEEEEING.
  3833 | D:5      | 3833 ||| STAIRDANCE
  3941 | D:5      | Reached skill level 9 in Ranged Weapons
  3953 | D:5      | 3953 ||| STAIRDANCE
  4024 | D:5      | Killed Sigmund
  4025 | D:5      | Reached skill level 6 in Fighting
  4025 | D:5      | Reached XP level 8. HP: 61/71 MP: 7/7
  4168 | D:5      | Found a staircase to the Ecumenical Temple.
  4169 | D:5      | 4169 ||| PLANNING TEMPLE
  4169 | D:5      | 4169 ||| UPGRADING to +2 robe of fire resistance.
  4179 | D:5      | 4179 ||| DROPPING +0 ring mail.
  4180 | D:5      | 4180 ||| UPGRADING to +0 cloak.
  4185 | D:5      | 4185 ||| READING scroll labelled DYMEL YTE BOEWN.
  4186 | D:5      | 4186 ||| DRINKING 2 amethyst potions.
  4187 | D:5      | 4187 ||| DROPPING potion of degeneration.
  4197 | Temple   | Entered the Ecumenical Temple
  4205 | Temple   | 4205 ||| PLANNING OKAWARU WORSHIP
  4375 | Temple   | Became a worshipper of Warmaster Okawaru
  4375 | Temple   | 4375 ||| PLANNING D:1-11
  4563 | D:5      | Found a hide-covered altar of Uskayaw.
  4884 | D:5      | 4884 ||| UPGRADING to ring of willpower.
  4886 | D:5      | 4886 ||| DRINKING 2 murky dark potions.
  4887 | D:5      | 4887 ||| DROPPING potion of attraction.
  5141 | D:6      | 5141 ||| READING scroll of enchant armour.
  5141 | D:6      | 5141 ||| ENCHANTING +0 cloak.
  5441 | D:6      | Reached skill level 10 in Ranged Weapons
  5716 | D:6      | 5716 ||| READING scroll labelled XOLUDEENOCW.
  5876 | D:7      | Identified the ring "Huetec" {rPois rF+ rCorr Str+2 Int+6}
  5899 | D:7      | Reached * piety under Okawaru
  6014 | D:7      | 6014 ||| READING scroll of enchant armour.
  6014 | D:7      | 6014 ||| ENCHANTING +1 cloak.
  6088 | D:7      | 6088 ||| INVOKING Heroism.
  6146 | D:7      | Reached skill level 1 in Invocations
  6245 | D:7      | 6245 ||| INVOKING Heroism.
  6307 | D:7      | 6307 ||| UPGRADING to amulet of regeneration.
  6312 | D:7      | 6312 ||| UPGRADING to ring "Huetec" {rPois rF+ rCorr Str+2
                  | Int+6}.
  6314 | D:7      | 6314 ||| UPGRADING to +0 steam dragon scales.
  6324 | D:7      | 6324 ||| DROPPING ring of resist corrosion.
  6325 | D:7      | 6325 ||| DRINKING 2 emerald potions.
  6389 | D:8      | 6389 ||| INVOKING Heroism.
  6439 | D:8      | Reached XP level 9. HP: 79/79 MP: 9/9
  6470 | D:8      | 6470 ||| INVOKING Heroism.
  6472 | D:8      | 6472 ||| Stepping ~*~*~tactically~*~*~ (outnumbered).
  6549 | D:8      | Found a sacrificial altar of Ru.
  6627 | D:8      | 6627 ||| INVOKING Heroism.
  6634 | D:8      | Reached skill level 11 in Ranged Weapons
  6738 | D:8      | 6738 ||| Stepping ~*~*~tactically~*~*~ (outnumbered).
  6747 | D:8      | 6747 ||| Stepping ~*~*~tactically~*~*~ (outnumbered).
  6761 | D:8      | Reached skill level 3 in Invocations
  7198 | D:8      | 7198 ||| INVOKING Heroism.
  7230 | D:8      | 7230 ||| DRINKING 2 fuming yellow potions.
  7238 | D:8      | 7238 ||| DROPPING potion of ambrosia.
  7253 | D:9      | Noticed a two-headed ogre
  7254 | D:9      | 7254 ||| INVOKING Heroism.
  7258 | D:9      | 7258 ||| STAIRDANCE
  7258 | D:9      | HP: 15/79 [two-headed ogre/+0 giant club (9)]
  7260 | D:8      | 7260 ||| READING 3 scrolls of teleportation.
  7261 | D:8      | 7261 ||| DRINKING 2 potions of heal wounds.
  7328 | D:8      | 7328 ||| INVOKING Heroism.
  7348 | D:9      | 7348 ||| STAIRDANCE
  7357 | D:8      | 7357 ||| FLEEEEING.
  7358 | D:8      | 7358 ||| FLEEEEING.
  7359 | D:8      | 7359 ||| FLEEEEING.
  7360 | D:8      | 7360 ||| FLEEEEING.
  7361 | D:8      | 7361 ||| FLEEEEING.
  7362 | D:8      | 7362 ||| FLEEEEING.
  7363 | D:8      | 7363 ||| FLEEEEING.
  7367 | D:8      | 7367 ||| FLEEEEING.
  7368 | D:8      | 7368 ||| FLEEEEING.
  7369 | D:8      | 7369 ||| FLEEEEING.
  7370 | D:8      | 7370 ||| FLEEEEING.
  7371 | D:8      | 7371 ||| FLEEEEING.
  7372 | D:8      | 7372 ||| FLEEEEING.
  7373 | D:8      | 7373 ||| FLEEEEING.
  7374 | D:8      | 7374 ||| FLEEEEING.
  7376 | D:8      | 7376 ||| FLEEEEING.
  7377 | D:8      | 7377 ||| FLEEEEING.
  7378 | D:8      | 7378 ||| FLEEEEING.
  7379 | D:8      | 7379 ||| FLEEEEING.
  7380 | D:8      | 7380 ||| FLEEEEING.
  7381 | D:8      | 7381 ||| FLEEEEING.
  7382 | D:8      | 7382 ||| FLEEEEING.
  7384 | D:8      | 7384 ||| FLEEEEING.
  7385 | D:8      | 7385 ||| FLEEEEING.
  7386 | D:8      | 7386 ||| FLEEEEING.
  7387 | D:8      | 7387 ||| FLEEEEING.
  7388 | D:8      | 7388 ||| FLEEEEING.
  7389 | D:8      | 7389 ||| FLEEEEING.
  7390 | D:8      | 7390 ||| FLEEEEING.
  7391 | D:8      | 7391 ||| FLEEEEING.
  7392 | D:8      | 7392 ||| FLEEEEING.
  7393 | D:8      | 7393 ||| FLEEEEING.
  7394 | D:8      | 7394 ||| INVOKING Heroism.
  7408 | D:8      | HP: 14/79 [two-headed ogre/+0 giant club (11)]
  7408 | D:8      | Slain by a two-headed ogre

Levels and vault maps discovered:
D:1:      dpeg_arrival_three_bigger_balls, layout_basic
D:2:      layout_loops_ring, minmay_misc_feat_enclosed, uniq_natasha
D:3:      layout_basic, trog_three_pillars_becter,
          shapermc_ecumenical_altar_starsandcircs
D:4:      layout_cave_pods, mainiacjoe_overflow_concentric_impassable,
          nrook_campfire
D:5:      layout_basic, nicolae_overflow_crystal_walls,
          minmay_temple_entry_slanted, minmay_misc_feat_x, uniq_sigmund
D:6:      layout_rooms
D:7:      layout_basic, nicolae_figureground_sparkle
D:8:      layout_loops_ring, mainiacjoe_overflow_alcove_2, grunt_ministairs_11
D:9:      layout_basic, minivault_14, nicolae_concentric_dashed_squares_wild
Temple:   nicolae_temple_bog_church

Skill      XL: |  1  2  3  4  5  6  7  8  9 |
---------------+----------------------------+-----
Ranged Weapons | 5 6 7 8 9 10 11 | 11.8
Fighting       | 3 4 6 7 |  7.1
Dodging        | 3 4 5 |  5.1
Armour         | 1 2 |  2.8
Invocations    | 1 4 |  4.2
Stealth        | |  0.7

Action                     |  1- 3 |  4- 6 |  7- 9 || total
---------------------------+-------+-------+-------++-------
   Fire: Shortbow          |    89 |   138 |   406 ||   633
 Invoke: Heroism           |       |       |     9 ||     9
    Use: Scroll            |     4 |     3 |     5 ||    12
         Potion            |     1 |       |     5 ||     6
 Armour: Leather armour    |     8 |     5 |     2 ||    15
         Ring mail         |       |       |    14 ||    14
         Robe              |       |       |    12 ||    12
         Steam dragon scal |       |       |    16 ||    16
  Dodge: Dodged            |    21 |    27 |   168 ||   216

Table legend:
 A = Non-vault XP
 B = Vault XP
 C = Vault XP percentage of total XP
 D = Non-vault monster count
 E = Vault monster count
 F = Vault count percentage of total count
                 A         B        C        D         E       F
            +---------+---------+-------+---------+---------+-------
      Total |    3843 |     457 |  10.6 |     142 |       4 |   2.7
            +---------+---------+-------+---------+---------+-------
        D:1 |      17 |       0 |   0.0 |      11 |       0 |   0.0
        D:2 |      54 |      35 |  39.3 |      16 |       1 |   5.9
        D:3 |      77 |       0 |   0.0 |      20 |       0 |   0.0
        D:4 |     722 |       0 |   0.0 |      26 |       0 |   0.0
        D:5 |     454 |     210 |  31.6 |      14 |       1 |   6.7
        D:6 |     376 |       0 |   0.0 |      10 |       0 |   0.0
        D:7 |     615 |       0 |   0.0 |      14 |       0 |   0.0
        D:8 |    1528 |     212 |  12.2 |      31 |       2 |   6.1
            +---------+---------+-------+---------+---------+-------
